 Dungeon Crawl Stone Soup version 0.28-a0-957-g42eb19b844 (webtiles) character file.

Game seed: 10517075685029629261

52 bande the Covered (level 3, 0/24 HPs)
             Began as a Gargoyle Fighter on Dec 1, 2021.
             Slain by an iron imp (3 damage)
             ... summoned by Natasha
             ... on level 2 of the Dungeon.
             The game lasted 00:01:54 (1635 turns).

bande the Covered (Gargoyle Fighter)                Turns: 1635, Time: 00:01:55

Health: 0/24       AC: 12    Str: 21    XL:     3   Next: 85%
Magic:  3/3        EV:  7    Int:  8    God:
Gold:   116        SH:  4    Dex:  9    Spells: 2/2 levels left

rFire   . . .      SeeInvis .   a - +0 war axe
rCold   . . .      Faith    .   c - +0 buckler
rNeg    + . .      Spirit   .   i - +0 chain mail
rPois   ∞          Reflect  .   (no helmet)
rElec   +          Harm     .   (no cloak)
rCorr   .          Rampage  .   (no gloves)
Will    .....                   (no boots)
Stlth   ..........              (no amulet)
HPRegen 0.08/turn               (no ring)
MPRegen 0.08/turn               (no ring)

@: slowed, very slow
A: sickness immunity, AC +3, negative energy resistance 1, electricity
resistance, torment resistance 1, petrification resistance
a: no special abilities


You were on level 2 of the Dungeon.
You visited 1 branch of the dungeon, and saw 2 of its levels.

You collected 116 gold pieces.

Inventory:

Hand Weapons
 a - a +0 war axe (weapon)
 f - a +0 flail
Armour
 c - a +0 buckler (worn)
 i - a +0 chain mail (worn)
Jewellery
 b - an amulet of guardian spirit
 h - a ring of ice
Potions
 d - a potion of might
 e - a potion of mutation {unknown}
 g - a potion of lignification {unknown}
 j - a potion of curing {unknown}


   Skills:
 + Level 3.8 Fighting
 + Level 2.4 Axes
 + Level 3.9 Armour
 + Level 3.6 Shields


You had 2 spell levels left.
You didn't know any spells.
Your spell library was empty.

Dungeon Overview and Level Annotations

Branches:
Dungeon (2/15)

Altars:

Annotations:
D:2 Natasha


Innate Abilities, Weirdness & Mutations

You are immune to sickness and miasma.
Your stone body is resilient. (AC +3)
You are immune to poison.
You resist negative energy. (rN+)
You are resistant to electric shocks. (rElec)
You are resistant to unholy torment.
You are immune to petrification.


Message History

Natasha is severely wounded.
You hit the crimson imp. You block the crimson imp's attack.
Natasha barely misses you.
The crimson imp hits you but does no damage.
Natasha claws you but does no damage.
You closely miss Natasha.
Natasha is severely wounded.
You hit the iron imp. You slash the crimson imp!
You block the crimson imp's attack. Natasha closely misses you.
The iron imp barely misses you. The crimson imp barely misses you.
Natasha claws you but does no damage. The iron imp hits you.
The crimson imp closely misses you.
You hit Natasha but do no damage.
Natasha is severely wounded.
You hit the iron imp but do no damage. You closely miss the crimson imp.
Natasha claws you.
The crimson imp hits you but does no damage.
You block the iron imp's attack. Natasha closely misses you.
The iron imp hits you. The crimson imp hits you.
You closely miss Natasha.
Natasha is severely wounded.
You barely miss the iron imp. You closely miss the crimson imp.
Natasha casts a spell at you. The magic dart hits you!
* * * LOW HITPOINT WARNING * * *
The crimson imp hits you.
* * * LOW HITPOINT WARNING * * *
Natasha growls.
Natasha claws you but does no damage.
The iron imp hits you but does no damage.
The crimson imp barely misses you.
Unknown command.
You hit Natasha.
Natasha is almost dead.
You hit the iron imp but do no damage.
You hit the crimson imp but do no damage.
Natasha wildly gestures.
Natasha glows brightly for a moment.
Natasha claws you but does no damage. The iron imp hits you.
You die...

#####..........#######...#.#.#...
# #...[......#.....)...'.......
#####..........#.####....#.#.#.#.
....#..........#.# #...##.#.#...
....#..........#.# #...##.#.####
....#..........#.# #...##.#.# #
....+.<........#.# #...##.#.# #
....############'####...##.#.# #
....# #...5@...#...##.#.# # #####
#...h5...# #.# #........# #.#
#.......... #.#### #........###
#.#... #........# #.#...
#........# #.#... #........#
#.#... #.....


You could see an iron imp (summoned), Natasha and a crimson imp (summoned).

Vanquished Creatures
  An adder (D:2)
  5 endoplasms
  3 giant cockroaches (D:1)
  6 goblins
  4 hobgoblins (D:2)
  3 kobolds
  4 quokkas
  6 ball pythons
  2 bats (D:1)
  2 frilled lizards
  4 rats
40 creatures vanquished.

Notes
Turn   | Place    | Note
-------+----------+-------------------------------------------
     0 | D:1      | bande the Gargoyle Fighter began the quest for the Orb.
     0 | D:1      | Reached XP level 1. HP: 14/14 MP: 1/1
   323 | D:1      | Reached XP level 2. HP: 19/19 MP: 2/2
  1047 | D:1      | Reached XP level 3. HP: 20/24 MP: 3/3
  1316 | D:2      | Found a faded altar of an unknown god.
  1622 | D:2      | Noticed Natasha
  1635 | D:2      | Slain by an iron imp

Illustrated notes

Levels and vault maps discovered:
D:1:      lightli_iron_boxes, layout_basic
D:2:      layout_basic, ebering_ecumenical_altar_petrified, uniq_natasha,
          uniq_crazy_yiuf_cottage

Skill      XL: |  1  2 |
---------------+-------+-----
Axes           | 2 |  2.4
Fighting       | |  3.8
Armour         | |  3.9
Shields        | |  3.6

Action                   || total
-------------------------++-------
Melee: War axe           ||   114
  Use: Scroll            ||     1
Armor: Scale mail        ||    38
       Chain mail        ||    28
Dodge: Dodged            ||    66
Block: Buckler           ||    25

Table legend: (Time is in decaauts)
 A = Elapsed time spent in this place.
 B = Non-inter-level travel time spent in this place.
 C = Inter-level travel time spent in this place.
 D = Time resting spent in this place.
 E = Time spent auto-exploring this place.
 F = Levels seen in this place.
 G = Mean time per level.
                   A        B        C        D        E       F      G
               +--------+--------+--------+--------+--------+-----+--------+
         Total |   1683 |   1683 |      0 |      0 |   1316 |   2 |  841.5 |
       Dungeon |   1683 |   1683 |      0 |      0 |   1316 |   2 |  841.5 |
               +--------+--------+--------+--------+--------+-----+--------+

Top non-repeatable levels by time:
     D:1: 1169 daAuts
     D:2: 513 daAuts
